 Dungeon Sprint DCSS version 0.31-a0-1576-ga3383bade6 (webtiles) character file.

Game seed: 11125457342614642083

1900000 sircluck the Wrestler (level 15, 0/192 HPs)
             Began as a Troll Berserker on Jan 4, 2024.
             Was a Priest of Makhleb.
             Slain by a meat berserker
             ... wielding a +9 battleaxe
              (53 damage)
             ... in the Dungeon (Sprint VIII: "Arena of Blood").
             The game lasted 00:00:41 (19 turns).

sircluck the Wrestler (Troll Berserker)               Turns: 19, Time: 00:00:42

Health: 0/192      AC:  4    Str: 29    XL:     15   Next: 28%
Magic:  14/14      EV: 21    Int:  3    God:    Makhleb [***...]
Gold:   0          SH:  0    Dex: 15    Spells: 14/14 levels left

rFire   . .          .
                       - Unarmed
rCold   . . .        (no shield)
rNeg    . . .        a - +0 animal skin
rPois   .            (helmet restricted)
rElec   .            (no cloak)
rCorr   .            (gloves unavailable)
SInv    .            (boots unavailable)
Will    +....        (no amulet)
Stlth   +            (no ring)
HPRegen 1.32/turn    (no ring)
MPRegen 0.14/turn

%: no teleportation
@: no status effects
A: large, unfitting armour, claws 3, regeneration 1, shaggy fur 1, tough skin 1
a: Renounce Religion, Minor Destruction, Lesser Servant of Makhleb


You were in the Dungeon.
You worshipped Makhleb.
Makhleb was most pleased with you.
You visited 1 branch

Inventory:

Armour
 a - a +0 animal skin (worn)
Scrolls
 g - a scroll of blinking
Potions
 b - a potion of curing
 c - a potion of heal wounds
 d - a potion of haste
 e - 2 potions of magic
 f - a potion of berserk rage


   Skills:
 + Level 22.4 Fighting
 + Level 22.1 Dodging
 + Level 25.7 Unarmed Combat


You had 14 spell levels left.
You didn't know any spells.
Your spell library was empty.

Dungeon Overview and Level Annotations

Branches:
Dungeon (1/1)

Altars:
Makhleb


Innate Abilities, Weirdness & Mutations

You are too large for most types of armour.
You have claws for hands.
Your natural rate of healing is unusually fast.
You are covered in fur. (AC +1)
You have tough skin. (AC +1)


Message History

The bag of meat is lightly wounded.
The large bag of meat appears out of thin air!
A large bag of meat comes into view. It is wielding a +9 giant spiked club.
The large bag of meat shouts in stereo!
The bag of meat hits you with a +9 war axe!!
The bag of meat hits you with a +9 war axe!
The meat berserker rages.
Unknown command.
Unknown command.
Unknown command.
You mangle the bag of meat!! You claw the bag of meat!!
The bag of meat is lightly wounded.
The large bag of meat appears out of thin air!
A large bag of meat comes into view. It is wielding a +9 giant spiked club.
The large bag of meat shouts in stereo!
The bag of meat completely misses you.
A meat berserker comes into view. It is wielding a +9 battleaxe.
Unknown command.
Unknown command.
Unknown command.
You barely miss the bag of meat.
The bag of meat is lightly wounded.
A bag of meat comes into view. It is wielding a +9 war axe.
A meat berserker comes into view. It is wielding a +9 battleaxe.
The bag of meat hits you with a +9 war axe!!!
The bag of meat hits you with a +9 war axe!
* * * LOW HITPOINT WARNING * * *
A meat berserker comes into view. It is wielding a +9 battleaxe.
A bag of meat comes into view. It is wielding a +9 war axe.
The bag of meat hits you with a +9 war axe.
* * * LOW HITPOINT WARNING * * *
Unknown command.
Unknown command.
Unknown command.
The bag of meat shouts!
You mangle the bag of meat!!
The bag of meat is moderately wounded.
You hear a shout! x2; You hear two shouts!
The meat berserker hits you with a +9 battleaxe!!!
You die...

.......... .
........o.. ..
......... O..
#O......# .#..
#.......#
.....###Oo.....###o
.......oo)###......
#O..O@oO._.......
#....ooo#o....#....
...o..o.#_o<._# .
#......o#...o.#
..#o......._..o..
..........###......
..O..###.oo ..###.
.O... #... ..# #..
..#


You could see 3 large bags of meat, 5 meat berserkers and 16 bags of meat.

Vanquished Creatures
  2 ogres (D)
  8 orcs (D)
10 creatures vanquished.

Notes
Turn   | Place    | Note
-------+----------+-------------------------------------------
     0 | D        | Found the +∞ Axe of Woe
     0 | D        | sircluck the Troll Berserker began the quest for the Orb.
     0 | D        | Reached XP level 1. HP: 22/22 MP: 0/0
     1 | D        | Noticed a bag of meat
     2 | D        | Noticed a bag of meat
     4 | D        | Fell from the grace of Trog
     4 | D        | Became a worshipper of Makhleb the Destroyer
     4 | D        | Noticed a bag of meat
     4 | D        | Noticed a bag of meat
     6 | D        | Noticed a bag of meat
     6 | D        | Noticed a bag of meat
     6 | D        | Noticed a bag of meat
     6 | D        | Noticed a meat berserker
     7 | D        | Noticed a bag of meat
     8 | D        | Killed a meat berserker
     9 | D        | Reached skill level 15 in Fighting
     9 | D        | Reached skill level 17 in Unarmed Combat
     9 | D        | Reached XP level 2. HP: 57/57 MP: 1/1
     9 | D        | Reached XP level 3. HP: 65/65 MP: 2/2
     9 | D        | Reached XP level 4. HP: 74/74 MP: 3/3
     9 | D        | Reached XP level 5. HP: 81/81 MP: 4/4
     9 | D        | Reached XP level 6. HP: 91/91 MP: 5/5
     9 | D        | Reached XP level 7. HP: 98/98 MP: 6/6
     9 | D        | Reached XP level 8. HP: 107/107 MP: 7/7
     9 | D        | Reached XP level 9. HP: 115/115 MP: 8/8
     9 | D        | Reached XP level 10. HP: 124/124 MP: 9/9
     9 | D        | Reached XP level 11. HP: 132/132 MP: 10/10
     9 | D        | Killed a bag of meat
     9 | D        | Reached * piety under Makhleb
     9 | D        | Killed a bag of meat
     9 | D        | Noticed a bag of meat
     9 | D        | Noticed a bag of meat
    10 | D        | Reached skill level 20 in Unarmed Combat
    10 | D        | Reached XP level 12. HP: 127/148 MP: 11/11
    10 | D        | Reached XP level 13. HP: 134/157 MP: 12/12
    10 | D        | Killed a bag of meat
    10 | D        | Killed a bag of meat
    10 | D        | Reached ** piety under Makhleb
    10 | D        | Killed a bag of meat
    10 | D        | Killed a bag of meat
    10 | D        | Killed a bag of meat
    10 | D        | Reached *** piety under Makhleb
    10 | D        | Noticed a meat berserker
    10 | D        | Noticed a bag of meat
    11 | D        | Reached skill level 24 in Unarmed Combat
    11 | D        | Reached XP level 14. HP: 158/176 MP: 13/13
    11 | D        | Killed a bag of meat
    11 | D        | Noticed a bag of meat
    11 | D        | Noticed a bag of meat
    11 | D        | Noticed a bag of meat
    11 | D        | Noticed a bag of meat
    11 | D        | Noticed a bag of meat
    11 | D        | Noticed a bag of meat
    11 | D        | Noticed a bag of meat
    11 | D        | Noticed a bag of meat
    13 | D        | Killed a meat berserker
    13 | D        | Noticed a meat berserker
    13 | D        | Noticed a bag of meat
    13 | D        | Noticed a bag of meat
    13 | D        | Noticed a bag of meat
    13 | D        | Noticed a bag of meat
    13 | D        | Noticed a bag of meat
    14 | D        | Reached skill level 25 in Unarmed Combat
    14 | D        | Reached XP level 15. HP: 176/192 MP: 14/14
    15 | D        | Noticed a meat berserker
    15 | D        | Noticed a large bag of meat
    16 | D        | Noticed a large bag of meat
    17 | D        | Noticed a large bag of meat
    17 | D        | Noticed a meat berserker
    18 | D        | Noticed a meat berserker
    18 | D        | Noticed a meat berserker
    19 | D        | Slain by a meat berserker

Illustrated notes

Levels and vault maps discovered:
D:        meatsprint

Skill      XL: |  1  2  3  4  5  6  7  8  9 10 11 12 13 14 |
---------------+-------------------------------------------+-----
Fighting       | 15 17 20 22 | 22.4
Dodging        | 14 17 20 22 | 22.1
Unarmed Combat | 17 20 24 25 | 25.7

Action                     |  1- 3 |  4- 6 |  7- 9 | 10-12 | 13-15 || total
---------------------------+-------+-------+-------+-------+-------++-------
  Melee: Executioner's axe |     1 |       |       |     1 |     3 ||     5
         Unarmed           |       |       |       |       |     5 ||     5
         Punch             |       |       |       |       |     1 ||     1
 Armour: Animal skin       |       |       |       |     1 |    11 ||    12
  Dodge: Dodged            |       |       |       |       |     2 ||     2

Table legend: (Time is in decaauts)
 A = Elapsed time spent in this place.
 B = Non-inter-level travel time spent in this place.
 C = Inter-level travel time spent in this place.
 D = Time resting spent in this place.
 E = Time spent auto-exploring this place.
 F = Levels seen in this place.
 G = Mean time per level.
                   A        B        C        D        E       F      G
               +--------+--------+--------+--------+--------+-----+--------+
         Total |     21 |     21 |      0 |      0 |      0 |   1 |   21.0 |
       Dungeon |     21 |     21 |      0 |      0 |      0 |   1 |   21.0 |
               +--------+--------+--------+--------+--------+-----+--------+

Top non-repeatable levels by time:
       D: 21 daAuts
